Americans vs Checkers
Created - November 30, 2025 at 22:19
Goals
|
| Americans |
2 |
1 |
1 |
4 |
| Checkers |
0 |
2 |
1 |
3 |
|
Shots
|
| Americans |
8 |
6 |
15 |
29 |
| Checkers |
6 |
13 |
16 |
35 |
|
1st period
1. Americans , Ryan Fitzgerald 6 (Matt Puempel 7, Justin Bailey 9) at 17:26
2. Americans , Ryan Fitzgerald 7 (Matt Puempel 8) at 18:39 (PP)
Penalties :
Felix Bibeau (Roc) for Roughing (Minor) at 2:40, Samuel Bolduc (Roc) for Holding (Minor) at 7:48, Austin Poganski (Cha) for Tripping (Minor) at 17:34
2nd period
3. Americans , Matt Puempel 6 (Adam Brooks 11, Devon Teows 10) at 7:49 (SH)
4. Checkers , Dylan Gambrell 8 (Brendan Leipsic 12, Austin Poganski 7) at 13:33
5. Checkers , Brendan Leipsic 5 (Ryan Pulock 5, Adam Boqvist 7) at 18:22 (PP)
Penalties :
Nick Abruzzese (Cha) for Slashing (Minor) at 0:51, Austin Poganski (Cha) for High sticking (Minor) at 4:34, Gianni Fairbrother (Roc) for Delaying the game (Minor) at 7:02, Devon Teows (Roc) for Tripping (Minor) at 17:19
3rd period
6. Americans , Matt Puempel 7 (Jacob Larsson 11, Justin Bailey 10) at 1:46
7. Checkers , Shane Bowers 5 (Tyce Thompson 1, Alexander Romanov 2) at 19:40
Penalties :
Brendan Leipsic (Cha) for Cross-checking (Minor) at 3:08, Devon Teows (Roc) for Tripping (Minor) at 6:10, Adam Boqvist (Cha) for Slashing (Minor) at 9:11, Ryan Fitzgerald (Roc) for Tripping (Minor) at 12:28, Alexander Romanov (Cha) for Roughing (Minor) at 17:12
Goalie Stats
Peyton Jones (Roc), 32 saves from 35 shots - (0.914), W, 8-4-0, 60:00 minutes
Arvid Soderblom (Cha), 25 saves from 29 shots - (0.862), L, 1-3-1, 60:00 minutes
Players Stats for Americans
Player Name G A P +/- PIM S H SB GA TA FO MP PP MP PK MP
------------------------------------------------------------------------------------
Adam Brooks 0 1 1 0 0 3 5 0 0 0 6/10 17:22 4:28 3:12
Alex Schoenborn 0 0 0 -1 0 2 0 0 0 0 0/0 9:40 0:29 0:00
Anthony Romano 0 0 0 0 0 0 0 0 0 0 0/0 0:00 0:00 0:00
Christopher Paquette 0 0 0 0 0 0 0 1 0 0 1/2 6:04 0:00 0:00
Daniel Sprong 0 0 0 0 0 0 0 2 2 0 0/0 6:04 0:00 0:00
Devon Teows 0 1 1 1 4 1 0 1 2 0 0/0 28:09 5:58 4:33
Dmitri Semykin 0 0 0 0 0 0 1 0 0 0 0/0 3:54 0:00 0:31
Drew O'Connor 0 0 0 -1 0 2 2 0 0 0 0/0 15:29 4:41 1:04
Felix Bibeau 0 0 0 0 2 0 0 0 0 0 0/0 6:10 0:00 0:00
Gianni Fairbrother 0 0 0 1 2 0 2 0 0 0 0/0 11:57 0:00 3:08
Jacob Larsson 0 1 1 1 0 3 2 0 1 0 0/0 28:45 6:26 6:59
John Leonard 0 0 0 0 0 2 0 0 0 1 0/0 8:49 0:00 0:00
Justin Bailey 0 2 2 2 0 3 0 1 2 1 4/9 24:59 6:03 6:05
Lauri Pajuniemi 0 0 0 -1 0 0 1 0 0 0 0/0 3:19 0:00 2:19
Matt Puempel 2 2 4 3 0 3 2 2 1 0 1/1 17:58 3:49 3:20
Michael Pezzetta 0 0 0 -1 0 0 0 0 0 0 0/0 1:07 0:00 0:26
Nathan Noel 0 0 0 0 0 2 3 0 0 0 4/10 8:49 0:00 0:00
Peyton Krebs 0 0 0 0 0 0 0 0 0 0 0/0 1:20 1:16 0:00
Ryan Beck 0 0 0 0 0 0 0 0 0 0 0/0 0:51 0:00 0:37
Ryan Fitzgerald 2 0 2 2 2 3 3 0 0 1 9/27 23:07 5:55 4:53
Samuel Bolduc 0 0 0 -1 2 1 1 1 0 1 0/0 18:48 4:34 2:46
Spencer Stastney 0 0 0 -1 0 0 2 0 0 0 0/0 20:24 4:34 3:59
Tage Thompson 0 0 0 -1 0 4 1 1 0 0 1/1 13:52 4:28 0:00
Xavier Bouchard 0 0 0 1 0 0 0 0 0 1 0/0 8:51 0:28 0:00
Zachary Senyshyn 0 0 0 0 0 0 0 0 0 0 0/0 3:08 1:51 0:00
Players Stats for Checkers
Player Name G A P +/- PIM S H SB GA TA FO MP PP MP PK MP
------------------------------------------------------------------------------------
0 0 0 0 0 0 0 0 0 0 0/0 0:00 0:00 0:00
0 0 0 0 0 0 0 0 0 0 0/0 0:00 0:00 0:00
0 0 0 0 0 0 0 0 0 0 0/0 0:00 0:00 0:00
0 0 0 0 0 0 0 0 0 0 0/0 0:00 0:00 0:00
0 0 0 0 0 0 0 0 0 0 0/0 0:00 0:00 0:00
0 0 0 0 0 0 0 0 0 0 0/0 0:00 0:00 0:00
0 0 0 0 0 0 0 0 0 0 0/0 0:00 0:00 0:00
Adam Boqvist 0 1 1 0 2 4 1 3 1 2 0/0 24:48 7:02 0:39
Alexander Romanov 0 1 1 0 2 1 0 2 1 2 0/0 23:14 0:00 5:19
Austin Poganski 0 1 1 0 4 3 2 0 0 0 2/4 20:14 4:02 3:57
Brendan Leipsic 1 1 2 -1 2 2 4 0 0 2 1/3 22:09 6:44 2:37
Dylan Gambrell 1 0 1 -1 0 2 2 0 1 0 17/29 24:50 6:44 5:50
Jeremias Lindewall 0 0 0 0 0 1 2 0 0 0 0/0 6:44 0:00 0:44
Joni Jurmo 0 0 0 0 0 0 0 1 0 0 0/0 6:10 1:30 0:00
Kieffer Bellows 0 0 0 -1 0 3 1 0 0 1 1/1 16:56 6:44 0:00
Matias Rajaniemi 0 0 0 0 0 2 2 0 0 0 0/0 17:32 2:26 5:02
Maxim Marushev 0 0 0 0 0 3 1 0 0 0 2/3 8:12 0:00 1:44
Nathan Legare 0 0 0 0 0 0 0 0 0 0 0/0 6:00 0:00 0:00
Nick Abruzzese 0 0 0 0 2 3 1 2 0 0 4/8 14:11 4:14 0:00
Rafael Harvey-Pinard 0 0 0 0 0 1 1 0 0 0 0/1 14:05 4:14 0:00
Roberts Lipsbergs 0 0 0 0 0 4 2 0 0 0 0/0 12:16 0:00 2:49
Ryan Pulock 0 1 1 0 0 2 3 1 0 0 0/0 24:25 6:40 4:21
Shane Bowers 1 0 1 0 0 1 2 2 1 0 7/11 13:46 0:00 4:19
Tyce Thompson 0 1 1 0 0 2 0 0 0 0 0/0 9:10 0:12 0:00
Viktor Baldayev 0 0 0 -2 0 1 4 2 1 1 0/0 24:12 4:18 6:39
3 Stars
1 - Matt Puempel (Roc)
2 - Ryan Fitzgerald (Roc)
3 - Justin Bailey (Roc)
Power Play
Americans - 1 on 6 Attempt(s) - 16.67%
Checkers - 1 on 6 Attempt(s) - 16.67%
Penalty Kill
Americans - 5 on 6 Attempt(s) - 83.33%
- Score 1 goal in Penalty Kill
Checkers - 5 on 6 Attempt(s) - 83.33%
- Score 0 goal in Penalty Kill
Team Stat
Americans - Hits : 25 - Faceoff Wins : 26 - Blocked Shots : 9 - Penalty Minutes : 12
Checkers - Hits : 28 - Faceoff Wins : 34 - Blocked Shots : 13 - Penalty Minutes : 12
Official
Referees : Jacob Brenk and Kelly Sutherland
Linesman : Travis Toomey and David Brisebois
Game Notes
Joni Jurmo is injured at 4:31 of 2nd period (Left Leg)
Matt Puempel is injured at 7:27 of 3rd period (Bruised Right Leg)
Finance
Level 1 -- Attendance: 1776 (88.80%) -- Ticket Income $124,320
Level 2 -- Attendance: 904 (90.40%) -- Ticket Income $36,160
Total Attendance: 2680 (89.33%)
Total Ticket Income: $160,480
Other Income: $8,024
Total Income: $168,504
Americans
5 vs 5 Forward
Center Left Wing Right Wing Time % Phy DF OF
1 Ryan Fitzgerald Matt Puempel Justin Bailey 40 1 2 2
2 Adam Brooks Drew O'Connor Tage Thompson 30 1 2 2
3 Nathan Noel John Leonard Alex Schoenborn 20 1 2 2
4 Christopher Paquette Felix Bibeau Daniel Sprong 10 1 2 2
5 vs 5 Defense
Defense Defense Time % Phy DF OF
1 Devon Teows Jacob Larsson 40 1 2 2
2 Spencer Stastney Samuel Bolduc 30 1 2 2
3 Xavier Bouchard Gianni Fairbrother 20 1 2 2
4 Dmitri Semykin Devon Teows 10 1 2 2
PowerPlay Forward
Center Left Wing Right Wing Time % Phy DF OF
1 Ryan Fitzgerald Matt Puempel Justin Bailey 60 1 2 2
2 Adam Brooks Drew O'Connor Tage Thompson 40 1 2 2
PowerPlay Defense
Defense Defense Time % Phy DF OF
1 Devon Teows Jacob Larsson 60 1 2 2
2 Spencer Stastney Samuel Bolduc 40 1 2 2
Penalty Kill 4 Players Forward
Center Wing Time % Phy DF OF
1 Justin Bailey Ryan Fitzgerald 60 1 2 2
2 Adam Brooks Matt Puempel 40 1 2 2
Penalty Kill 4 Players Defense
Defense Defense Time % Phy DF OF
1 Devon Teows Jacob Larsson 60 1 2 2
2 Spencer Stastney Samuel Bolduc 40 1 2 2
Penalty Kill - 3 Players Forward
Forward Time % Phy DF OF
1 Justin Bailey 60 1 2 2
2 Ryan Fitzgerald 40 1 2 2
Penalty Kill - 3 Players Defense
Defense Defense Time % Phy DF OF
1 Devon Teows Jacob Larsson 60 1 2 2
2 Spencer Stastney Samuel Bolduc 40 1 2 2
4 vs 4 Forward
Center Wing Time % Phy DF OF
1 Justin Bailey Ryan Fitzgerald 60 1 2 2
2 Adam Brooks Matt Puempel 40 1 2 2
4 vs 4 Defense
Defense Defense Time % Phy DF OF
1 Devon Teows Jacob Larsson 60 1 2 2
2 Spencer Stastney Samuel Bolduc 40 1 2 2
Last Minutes Offensive
Center Left Wing Right Wing Defense Defense
Ryan Fitzgerald Matt Puempel Justin Bailey Devon Teows Jacob Larsson
Last Minutes Defensive
Center Left Wing Right Wing Defense Defense
Ryan Fitzgerald Matt Puempel Justin Bailey Devon Teows Jacob Larsson
Goaltenders
Starting : Peyton Jones
Backup : Leevi Merilainen
Extra Forwards
Normal : Zachary Senyshyn, Peyton Krebs, Lauri Pajuniemi - PP : Zachary Senyshyn, Peyton Krebs - PK : Lauri Pajuniemi
Extra Defensemen
Normal : Xavier Bouchard, Gianni Fairbrother, Dmitri Semykin - PP : Xavier Bouchard - PK : Gianni Fairbrother, Dmitri Semykin
Penalty Shots
Justin Bailey, Ryan Fitzgerald, Adam Brooks, Matt Puempel, Tage Thompson
Custom OT Lines Forwards
Justin Bailey, Ryan Fitzgerald, Adam Brooks, Matt Puempel, Tage Thompson, Nathan Noel, Alex Schoenborn, Daniel Sprong, Drew O'Connor, John Leonard
Custom OT Lines Defensemen
Devon Teows, Jacob Larsson, Spencer Stastney, Samuel Bolduc, Xavier Bouchard
Scratches
Ruben Rafkin (Healthy), Jeremie Poirier (Healthy), Jacob Perreault (Healthy), Ethan Edwards (Healthy), Lukas Cormier (Healthy)
Austin Wong (Healthy), Daniel Bukac (Healthy), Simon Holmstrom (Healthy)
Checkers
5 vs 5 Forward
Center Left Wing Right Wing Time % Phy DF OF
1 Dylan Gambrell Brendan Leipsic Austin Poganski 40 1 2 2
2 Nick Abruzzese Rafael Harvey-Pinard Kieffer Bellows 30 1 2 2
3 Shane Bowers Roberts Lipsbergs Tyce Thompson 20 1 2 2
4 Maxim Marushev Jeremias Lindewall Nathan Legare 10 1 2 2
5 vs 5 Defense
Defense Defense Time % Phy DF OF
1 Alexander Romanov Adam Boqvist 40 1 2 2
2 Viktor Baldayev Ryan Pulock 30 1 2 2
3 Joni Jurmo Matias Rajaniemi 20 1 2 2
4 Ryan Pulock Viktor Baldayev 10 1 2 2
PowerPlay Forward
Center Left Wing Right Wing Time % Phy DF OF
1 Dylan Gambrell Brendan Leipsic Kieffer Bellows 60 0 1 4
2 Nick Abruzzese Rafael Harvey-Pinard Austin Poganski 40 0 1 4
PowerPlay Defense
Defense Defense Time % Phy DF OF
1 Ryan Pulock Adam Boqvist 60 0 2 3
2 Viktor Baldayev Joni Jurmo 40 0 2 3
Penalty Kill 4 Players Forward
Center Wing Time % Phy DF OF
1 Dylan Gambrell Austin Poganski 60 0 3 2
2 Shane Bowers Roberts Lipsbergs 40 0 3 2
Penalty Kill 4 Players Defense
Defense Defense Time % Phy DF OF
1 Viktor Baldayev Alexander Romanov 60 0 4 1
2 Ryan Pulock Matias Rajaniemi 40 1 3 1
Penalty Kill - 3 Players Forward
Forward Time % Phy DF OF
1 Austin Poganski 60 0 3 2
2 Roberts Lipsbergs 40 0 3 2
Penalty Kill - 3 Players Defense
Defense Defense Time % Phy DF OF
1 Viktor Baldayev Alexander Romanov 60 1 3 1
2 Ryan Pulock Matias Rajaniemi 40 1 3 1
4 vs 4 Forward
Center Wing Time % Phy DF OF
1 Dylan Gambrell Brendan Leipsic 60 1 2 2
2 Nick Abruzzese Austin Poganski 40 1 2 2
4 vs 4 Defense
Defense Defense Time % Phy DF OF
1 Alexander Romanov Adam Boqvist 60 1 2 2
2 Viktor Baldayev Ryan Pulock 40 1 2 2
Last Minutes Offensive
Center Left Wing Right Wing Defense Defense
Dylan Gambrell Brendan Leipsic Kieffer Bellows Ryan Pulock Adam Boqvist
Last Minutes Defensive
Center Left Wing Right Wing Defense Defense
Dylan Gambrell Brendan Leipsic Austin Poganski Viktor Baldayev Ryan Pulock
Goaltenders
Starting : Arvid Soderblom
Backup : Joseph Woll
Extra Forwards
Normal : Nick Abruzzese, Dylan Gambrell, Rafael Harvey-Pinard - PP : Rafael Harvey-Pinard, Dylan Gambrell - PK : Shane Bowers
Extra Defensemen
Normal : Alexander Romanov, Adam Boqvist, Ryan Pulock - PP : Adam Boqvist - PK : Viktor Baldayev, Joni Jurmo
Penalty Shots
Rafael Harvey-Pinard, Nick Abruzzese, Ryan Pulock, Kieffer Bellows, Shane Bowers
Custom OT Lines Forwards
Dylan Gambrell, Brendan Leipsic, Austin Poganski, Roberts Lipsbergs, Nick Abruzzese, Kieffer Bellows, Rafael Harvey-Pinard, Shane Bowers, Nathan Legare, Tyce Thompson
Custom OT Lines Defensemen
Ryan Pulock, Viktor Baldayev, Alexander Romanov, Adam Boqvist, Joni Jurmo
Scratches
Brett Pollock (Healthy), Logan Barlage (Healthy), Kirill Steklov (Healthy), William Dufour (Healthy), Lukas Svejkovsky (Healthy)
Jordan Harris (Healthy), Mikhail Abramov (Healthy), Mattias Norlinder (Healthy), Kirill Ustimenko (Healthy)
% Time on Ice - Americans
Lines # - Real PCT - Wanted PCT - Time Play
Normal Forward
1 - 35% - 40% - 13:08
2 - 26% - 30% - 9:42
3 - 23% - 20% - 8:49
4 - 16% - 10% - 6:04
Normal Defense
1 - 40% - 40% - 15:01
2 - 30% - 30% - 11:15
3 - 21% - 20% - 8:04
4 - 9% - 10% - 3:23
PP Forward
1 - 59% - 60% - 6:32
2 - 41% - 40% - 4:28
PP Defense
1 - 58% - 60% - 6:26
2 - 42% - 40% - 4:34
PK Forward
1 - 71% - 60% - 7:46
2 - 29% - 40% - 3:12
PK Defense
1 - 64% - 60% - 6:59
2 - 36% - 40% - 3:59
PK3 Forward
1 - 0% - 60%
2 - 0% - 40%
PK3 Defense
1 - 0% - 60%
2 - 0% - 40%
44 Forward
1 - 0% - 60%
2 - 0% - 40%
44 Defense
1 - 0% - 60%
2 - 0% - 40%
Last Minute Offensive - 0:00
Last Minute Defensive - 0:19
Total
Forward - 60:00
Defense - 60:00
|
% Time on Ice - Checkers
Lines # - Real PCT - Wanted PCT - Time Play
Normal Forward
1 - 34% - 40% - 12:39
2 - 27% - 30% - 10:06
3 - 24% - 20% - 8:58
4 - 16% - 10% - 6:00
Normal Defense
1 - 42% - 40% - 15:41
2 - 33% - 30% - 12:32
3 - 21% - 20% - 8:04
4 - 4% - 10% - 1:26
PP Forward
1 - 61% - 60% - 6:44
2 - 39% - 40% - 4:14
PP Defense
1 - 61% - 60% - 6:40
2 - 39% - 40% - 4:18
PK Forward
1 - 74% - 60% - 8:11
2 - 26% - 40% - 2:49
PK Defense
1 - 66% - 60% - 7:18
2 - 34% - 40% - 3:42
PK3 Forward
1 - 0% - 60%
2 - 0% - 40%
PK3 Defense
1 - 0% - 60%
2 - 0% - 40%
44 Forward
1 - 0% - 60%
2 - 0% - 40%
44 Defense
1 - 0% - 60%
2 - 0% - 40%
Last Minute Offensive - 0:19
Last Minute Defensive - 0:00
Total
Forward - 60:00
Defense - 60:00
|
Play-by-Play
1st period
0:01 of 1st period - Ryan Fitzgerald wins face-off versus Austin Poganski in neutral zone.
0:28 of 1st period - Tage Thompson is hit by Adam Boqvist and loses puck.
0:48 of 1st period - Icing by Devon Teows.
0:49 of 1st period - Nathan Noel wins face-off versus Shane Bowers in Americans zone.
0:49 of 1st period - Nathan Noel is hit by Roberts Lipsbergs.
0:55 of 1st period - Slapshot by Nathan Noel.
0:55 of 1st period - Stopped by Arvid Soderblom with a rebound.
1:05 of 1st period - Snap shot by Jacob Larsson.
1:05 of 1st period - Deflect By John Leonard.
1:05 of 1st period - Stopped by Arvid Soderblom with a rebound.
1:23 of 1st period - Slapshot by Ryan Pulock.
1:23 of 1st period - Stopped by Peyton Jones with a rebound.
1:43 of 1st period - Snap shot by Nick Abruzzese.
1:43 of 1st period - Deflect By Ryan Fitzgerald.
1:43 of 1st period - Stopped by Peyton Jones with a rebound.
2:01 of 1st period - Snap shot by Dylan Gambrell.
2:01 of 1st period - Stopped by Peyton Jones without a rebound.
2:02 of 1st period - Adam Brooks wins face-off versus Dylan Gambrell in Americans zone.
2:40 of 1st period - Minor Penalty to Felix Bibeau for Roughing.
2:41 of 1st period - Nick Abruzzese wins face-off versus Justin Bailey in Americans zone.
2:51 of 1st period - Nick Abruzzese is hit by Jacob Larsson and loses puck.
4:37 of 1st period - Adam Boqvist is hit by Adam Brooks.
4:40 of 1st period - Penalty to Felix Bibeau is over, Felix Bibeau is back on ice.
4:41 of 1st period - Samuel Bolduc is hit by Brendan Leipsic and loses puck.
5:27 of 1st period - Slapshot by Shane Bowers.
5:27 of 1st period - Shot Blocked by Tage Thompson.
5:38 of 1st period - Gianni Fairbrother is hit by Viktor Baldayev and loses puck.
5:55 of 1st period - Jacob Larsson is hit by Nick Abruzzese and loses puck.
7:02 of 1st period - Slapshot by Nathan Noel.
7:02 of 1st period - Shot Misses the Net.
7:16 of 1st period - Brendan Leipsic is hit by Gianni Fairbrother and loses puck.
7:21 of 1st period - Snap shot by Adam Brooks.
7:21 of 1st period - Shot Hit the Post.
7:23 of 1st period - Snap shot by Tage Thompson.
7:23 of 1st period - Shot Misses the Net.
7:25 of 1st period - Snap shot by Tage Thompson.
7:25 of 1st period - Stopped by Arvid Soderblom without a rebound.
7:26 of 1st period - Shane Bowers wins face-off versus Ryan Fitzgerald in Checkers zone.
7:26 of 1st period - Shane Bowers is hit by Ryan Fitzgerald.
7:48 of 1st period - Minor Penalty to Samuel Bolduc for Holding.
7:49 of 1st period - Brendan Leipsic wins face-off versus Justin Bailey in Americans zone.
8:02 of 1st period - Snap shot by Dylan Gambrell.
8:02 of 1st period - Shot Misses the Net.
8:04 of 1st period - Slapshot by Adam Boqvist.
8:04 of 1st period - Shot Misses the Net.
8:14 of 1st period - Adam Boqvist is hit by Adam Brooks and loses puck.
8:39 of 1st period - Jacob Larsson is hit by Kieffer Bellows and loses puck.
9:10 of 1st period - Brendan Leipsic is hit by Lauri Pajuniemi and loses puck.
9:23 of 1st period - Viktor Baldayev is hit by Spencer Stastney and loses puck.
9:48 of 1st period - Penalty to Samuel Bolduc is over, Samuel Bolduc is back on ice.
9:48 of 1st period - Dylan Gambrell is hit by Matt Puempel and loses puck.
10:07 of 1st period - Snap shot by John Leonard.
10:07 of 1st period - Shot Blocked by Alexander Romanov.
10:09 of 1st period - Snap shot by Nathan Noel.
10:09 of 1st period - Shot Misses the Net.
10:15 of 1st period - Slapshot by Alex Schoenborn.
10:15 of 1st period - Stopped by Arvid Soderblom with a rebound.
10:17 of 1st period - Wrist shot by Nathan Noel.
10:17 of 1st period - Shot Misses the Net.
10:48 of 1st period - Adam Brooks is hit by Austin Poganski and loses puck.
10:57 of 1st period - Snap shot by Drew O'Connor.
10:57 of 1st period - Stopped by Arvid Soderblom with a rebound.
11:25 of 1st period - Tage Thompson is hit by Viktor Baldayev and loses puck.
12:01 of 1st period - Slapshot by Adam Brooks.
12:01 of 1st period - Deflect By Tage Thompson.
12:01 of 1st period - Shot Misses the Net.
12:01 of 1st period - Puck is out of play.
12:02 of 1st period - Ryan Fitzgerald wins face-off versus Maxim Marushev in Checkers zone.
12:09 of 1st period - Snap shot by Jeremias Lindewall.
12:09 of 1st period - Stopped by Peyton Jones with a rebound.
12:57 of 1st period - Wrist shot by Roberts Lipsbergs.
12:57 of 1st period - Stopped by Peyton Jones with a rebound.
13:33 of 1st period - Austin Poganski is hit by Nathan Noel and loses puck.
13:55 of 1st period - Dmitri Semykin is hit by Jeremias Lindewall and loses puck.
14:12 of 1st period - Nathan Legare is hit by Spencer Stastney.
14:43 of 1st period - Alex Schoenborn is hit by Dylan Gambrell and loses puck.
15:40 of 1st period - Justin Bailey is hit by Ryan Pulock and loses puck.
16:38 of 1st period - Jacob Larsson is hit by Jeremias Lindewall.
16:52 of 1st period - Matias Rajaniemi is hit by Nathan Noel and loses puck.
17:06 of 1st period - Nick Abruzzese is hit by Dmitri Semykin and loses puck.
17:18 of 1st period - Icing by Nathan Noel.
17:19 of 1st period - Ryan Fitzgerald wins face-off versus Shane Bowers in Americans zone.
17:26 of 1st period - Snap shot by Ryan Fitzgerald.
17:26 of 1st period - Goal by Ryan Fitzgerald - Americans : 1 - Checkers : 0.
17:27 of 1st period - Ryan Fitzgerald wins face-off versus Brendan Leipsic in neutral zone.
17:32 of 1st period - Backhand shot by Matt Puempel.
17:32 of 1st period - Shot Misses the Net.
17:34 of 1st period - Minor Penalty to Austin Poganski for Tripping.
17:35 of 1st period - Matt Puempel wins face-off versus Dylan Gambrell in Checkers zone.
17:38 of 1st period - Backhand shot by Ryan Fitzgerald.
17:38 of 1st period - Stopped by Arvid Soderblom without a rebound.
17:39 of 1st period - Dylan Gambrell wins face-off versus Ryan Fitzgerald in Checkers zone.
18:31 of 1st period - Off-side.
18:32 of 1st period - Maxim Marushev wins face-off versus Ryan Fitzgerald in neutral zone.
18:39 of 1st period - Wrist shot by Ryan Fitzgerald.
18:39 of 1st period - Goal by Ryan Fitzgerald - Americans : 2 - Checkers : 0.
18:40 of 1st period - Dylan Gambrell wins face-off versus Ryan Fitzgerald in neutral zone.
18:53 of 1st period - Snap shot by Austin Poganski.
18:53 of 1st period - Stopped by Peyton Jones with a rebound.
18:55 of 1st period - Snap shot by Austin Poganski.
18:55 of 1st period - Shot Misses the Net.
19:25 of 1st period - Icing by Ryan Fitzgerald.
19:26 of 1st period - Adam Brooks wins face-off versus Rafael Harvey-Pinard in Americans zone.
19:59 of 1st period - Devon Teows is hit by Ryan Pulock and loses puck.
Goals for this period are 2 for Americans vs 0 for Checkers.
Shots for this period are 8 for Americans vs 6 for Checkers.
2nd period
0:01 of 2nd period - Austin Poganski wins face-off versus Ryan Fitzgerald in neutral zone.
0:51 of 2nd period - Minor Penalty to Nick Abruzzese for Slashing.
0:52 of 2nd period - Dylan Gambrell wins face-off versus Adam Brooks in Checkers zone.
1:17 of 2nd period - Alexander Romanov is hit by Ryan Fitzgerald and loses puck.
2:51 of 2nd period - Penalty to Nick Abruzzese is over, Nick Abruzzese is back on ice.
3:02 of 2nd period - Off-side.
3:03 of 2nd period - Nick Abruzzese wins face-off versus Nathan Noel in neutral zone.
3:34 of 2nd period - Slapshot by Roberts Lipsbergs.
3:34 of 2nd period - Stopped by Peyton Jones with a rebound.
3:36 of 2nd period - Slapshot by Viktor Baldayev.
3:36 of 2nd period - Stopped by Peyton Jones without a rebound.
3:37 of 2nd period - Adam Brooks wins face-off versus Brendan Leipsic in Americans zone.
4:13 of 2nd period - Snap shot by Rafael Harvey-Pinard.
4:13 of 2nd period - Stopped by Peyton Jones with a rebound.
4:31 of 2nd period - Slapshot by John Leonard.
4:31 of 2nd period - Deflect By Alex Schoenborn.
4:31 of 2nd period - Shot Blocked by Joni Jurmo.
4:31 of 2nd period - Joni Jurmo from Checkers is injured at 4:31 of 2nd period (Left Leg).
4:32 of 2nd period - Dylan Gambrell wins face-off versus Ryan Fitzgerald in Checkers zone.
4:34 of 2nd period - Minor Penalty to Austin Poganski for High sticking.
4:35 of 2nd period - Dylan Gambrell wins face-off versus Ryan Fitzgerald in Checkers zone.
4:35 of 2nd period - Dylan Gambrell is hit by Ryan Fitzgerald.
5:58 of 2nd period - Ryan Fitzgerald is hit by Brendan Leipsic and loses puck.
6:09 of 2nd period - Samuel Bolduc is hit by Maxim Marushev and loses puck.
6:34 of 2nd period - Penalty to Austin Poganski is over, Austin Poganski is back on ice.
6:43 of 2nd period - Ryan Pulock is hit by Gianni Fairbrother.
7:02 of 2nd period - Minor Penalty to Gianni Fairbrother for Delaying the game.
7:03 of 2nd period - Justin Bailey wins face-off versus Dylan Gambrell in Americans zone.
7:07 of 2nd period - Slapshot by Jacob Larsson.
7:07 of 2nd period - Shot Blocked by Viktor Baldayev.
7:09 of 2nd period - Slapshot by Devon Teows.
7:09 of 2nd period - Deflect By Brendan Leipsic.
7:09 of 2nd period - Stopped by Arvid Soderblom with a rebound.
7:41 of 2nd period - Kieffer Bellows is hit by Adam Brooks.
7:49 of 2nd period - Snap shot by Matt Puempel.
7:49 of 2nd period - Goal by Matt Puempel - Americans : 3 - Checkers : 0.
7:50 of 2nd period - Dylan Gambrell wins face-off versus Justin Bailey in neutral zone.
9:02 of 2nd period - Penalty to Gianni Fairbrother is over, Gianni Fairbrother is back on ice.
9:08 of 2nd period - Slapshot by Devon Teows.
9:08 of 2nd period - Shot Blocked by Viktor Baldayev.
9:18 of 2nd period - Devon Teows is hit by Roberts Lipsbergs.
9:40 of 2nd period - Slapshot by Jacob Larsson.
9:40 of 2nd period - Stopped by Arvid Soderblom without a rebound.
9:41 of 2nd period - Adam Brooks wins face-off versus Nick Abruzzese in Checkers zone.
9:42 of 2nd period - Snap shot by Tage Thompson.
9:42 of 2nd period - Stopped by Arvid Soderblom without a rebound.
9:43 of 2nd period - Nick Abruzzese wins face-off versus Adam Brooks in Checkers zone.
9:54 of 2nd period - Slapshot by Tage Thompson.
9:54 of 2nd period - Shot Blocked by Nick Abruzzese.
10:29 of 2nd period - Slapshot by Adam Boqvist.
10:29 of 2nd period - Shot Blocked by Matt Puempel.
10:40 of 2nd period - Snap shot by Adam Boqvist.
10:40 of 2nd period - Shot Misses the Net.
11:21 of 2nd period - Snap shot by Daniel Sprong.
11:21 of 2nd period - Shot Blocked by Ryan Pulock.
11:23 of 2nd period - Wrist shot by Felix Bibeau.
11:23 of 2nd period - Shot Misses the Net.
11:25 of 2nd period - Snap shot by Christopher Paquette.
11:25 of 2nd period - Shot Misses the Net.
12:22 of 2nd period - Wrist shot by John Leonard.
12:22 of 2nd period - Shot Misses the Net.
13:12 of 2nd period - Drew O'Connor is hit by Viktor Baldayev and loses puck.
13:17 of 2nd period - Snap shot by Shane Bowers.
13:17 of 2nd period - Deflect By Roberts Lipsbergs.
13:17 of 2nd period - Shot Misses the Net.
13:17 of 2nd period - Puck is out of play.
13:18 of 2nd period - Shane Bowers wins face-off versus Adam Brooks in Americans zone.
13:23 of 2nd period - Snap shot by Shane Bowers.
13:23 of 2nd period - Shot Misses the Net.
13:25 of 2nd period - Snap shot by Tyce Thompson.
13:25 of 2nd period - Stopped by Peyton Jones without a rebound.
13:26 of 2nd period - Dylan Gambrell wins face-off versus Adam Brooks in Americans zone.
13:29 of 2nd period - Snap shot by Austin Poganski.
13:29 of 2nd period - Stopped by Peyton Jones with a rebound.
13:31 of 2nd period - Wrist shot by Brendan Leipsic.
13:31 of 2nd period - Shot Misses the Net.
13:33 of 2nd period - Wrist shot by Dylan Gambrell.
13:33 of 2nd period - Goal by Dylan Gambrell - Americans : 3 - Checkers : 1.
13:34 of 2nd period - Dylan Gambrell wins face-off versus Ryan Fitzgerald in neutral zone.
13:59 of 2nd period - Jacob Larsson is hit by Shane Bowers.
14:09 of 2nd period - Spencer Stastney is hit by Shane Bowers and loses puck.
14:29 of 2nd period - Backhand shot by Viktor Baldayev.
14:29 of 2nd period - Shot Blocked by Justin Bailey.
14:37 of 2nd period - Slapshot by Brendan Leipsic.
14:37 of 2nd period - Shot Blocked by Samuel Bolduc.
15:24 of 2nd period - Slapshot by John Leonard.
15:24 of 2nd period - Deflect By Alex Schoenborn.
15:24 of 2nd period - Shot Blocked by Shane Bowers.
15:24 of 2nd period - Puck is out of play.
15:25 of 2nd period - Austin Poganski wins face-off versus Nathan Noel in Checkers zone.
16:35 of 2nd period - Slapshot by Adam Boqvist.
16:35 of 2nd period - Stopped by Peyton Jones without a rebound.
16:36 of 2nd period - Nathan Noel wins face-off versus Dylan Gambrell in Americans zone.
16:53 of 2nd period - Off-side.
16:54 of 2nd period - Ryan Fitzgerald wins face-off versus Nick Abruzzese in neutral zone.
17:07 of 2nd period - Wrist shot by Matt Puempel.
17:07 of 2nd period - Shot Misses the Net.
17:19 of 2nd period - Minor Penalty to Devon Teows for Tripping.
17:20 of 2nd period - Kieffer Bellows wins face-off versus Justin Bailey in Americans zone.
18:08 of 2nd period - Snap shot by Dylan Gambrell.
18:08 of 2nd period - Shot Blocked by Matt Puempel.
18:12 of 2nd period - Wrist shot by Kieffer Bellows.
18:12 of 2nd period - Stopped by Peyton Jones with a rebound.
18:18 of 2nd period - Slapshot by Adam Boqvist.
18:18 of 2nd period - Stopped by Peyton Jones with a rebound.
18:20 of 2nd period - Slapshot by Ryan Pulock.
18:20 of 2nd period - Stopped by Peyton Jones with a rebound.
18:22 of 2nd period - Slapshot by Brendan Leipsic.
18:22 of 2nd period - Goal by Brendan Leipsic - Americans : 3 - Checkers : 2.
18:23 of 2nd period - Ryan Fitzgerald wins face-off versus Shane Bowers in neutral zone.
18:30 of 2nd period - Slapshot by Justin Bailey.
18:30 of 2nd period - Stopped by Arvid Soderblom with a rebound.
18:36 of 2nd period - Slapshot by Matt Puempel.
18:36 of 2nd period - Stopped by Arvid Soderblom with a rebound.
18:48 of 2nd period - Tage Thompson is hit by Matias Rajaniemi and loses puck.
19:09 of 2nd period - Snap shot by John Leonard.
19:09 of 2nd period - Shot Misses the Net.
19:11 of 2nd period - Snap shot by Devon Teows.
19:11 of 2nd period - Shot Blocked by Nick Abruzzese.
19:13 of 2nd period - Snap shot by Devon Teows.
19:13 of 2nd period - Shot Misses the Net.
19:29 of 2nd period - Wrist shot by Austin Poganski.
19:29 of 2nd period - Shot Blocked by Daniel Sprong.
19:31 of 2nd period - Snap shot by Ryan Pulock.
19:31 of 2nd period - Shot Misses the Net.
19:33 of 2nd period - Snap shot by Austin Poganski.
19:33 of 2nd period - Shot Misses the Net.
19:35 of 2nd period - Snap shot by Ryan Pulock.
19:35 of 2nd period - Shot Misses the Net.
19:37 of 2nd period - Slapshot by Dylan Gambrell.
19:37 of 2nd period - Shot Blocked by Christopher Paquette.
19:44 of 2nd period - Icing by Devon Teows.
19:45 of 2nd period - Shane Bowers wins face-off versus Ryan Fitzgerald in Americans zone.
19:50 of 2nd period - Slapshot by Adam Boqvist.
19:50 of 2nd period - Deflect By Jacob Larsson.
19:50 of 2nd period - Stopped by Peyton Jones with a rebound.
19:52 of 2nd period - Wrist shot by Roberts Lipsbergs.
19:52 of 2nd period - Stopped by Peyton Jones with a rebound.
19:54 of 2nd period - Snap shot by Tyce Thompson.
19:54 of 2nd period - Shot Misses the Net.
19:56 of 2nd period - Slapshot by Alexander Romanov.
19:56 of 2nd period - Deflect By Tyce Thompson.
19:56 of 2nd period - Shot Misses the Net.
19:56 of 2nd period - Puck is out of play.
19:57 of 2nd period - Dylan Gambrell wins face-off versus Ryan Fitzgerald in Americans zone.
Goals for this period are 1 for Americans vs 2 for Checkers.
Shots for this period are 6 for Americans vs 13 for Checkers.
3rd period
0:01 of 3rd period - Dylan Gambrell wins face-off versus Ryan Fitzgerald in neutral zone.
0:31 of 3rd period - Wrist shot by Drew O'Connor.
0:31 of 3rd period - Shot Misses the Net.
0:33 of 3rd period - Slapshot by Adam Brooks.
0:33 of 3rd period - Stopped by Arvid Soderblom with a rebound.
0:35 of 3rd period - Slapshot by Devon Teows.
0:35 of 3rd period - Deflect By Tage Thompson.
0:35 of 3rd period - Shot Misses the Net.
0:35 of 3rd period - Puck is out of play.
0:36 of 3rd period - Ryan Fitzgerald wins face-off versus Dylan Gambrell in Checkers zone.
0:46 of 3rd period - Wrist shot by Matt Puempel.
0:46 of 3rd period - Deflect By Justin Bailey.
0:46 of 3rd period - Stopped by Arvid Soderblom without a rebound.
0:47 of 3rd period - Dylan Gambrell wins face-off versus Ryan Fitzgerald in Checkers zone.
1:11 of 3rd period - Justin Bailey is hit by Brendan Leipsic and loses puck.
1:32 of 3rd period - Snap shot by Matt Puempel.
1:32 of 3rd period - Shot Misses the Net.
1:34 of 3rd period - Wrist shot by Matt Puempel.
1:34 of 3rd period - Shot Blocked by Adam Boqvist.
1:36 of 3rd period - Slapshot by Jacob Larsson.
1:36 of 3rd period - Stopped by Arvid Soderblom with a rebound.
1:38 of 3rd period - Wrist shot by Justin Bailey.
1:38 of 3rd period - Stopped by Arvid Soderblom with a rebound.
1:40 of 3rd period - Slapshot by Jacob Larsson.
1:40 of 3rd period - Shot Misses the Net.
1:42 of 3rd period - Wrist shot by Matt Puempel.
1:42 of 3rd period - Shot Blocked by Adam Boqvist.
1:44 of 3rd period - Slapshot by Jacob Larsson.
1:44 of 3rd period - Stopped by Arvid Soderblom with a rebound.
1:46 of 3rd period - Snap shot by Matt Puempel.
1:46 of 3rd period - Goal by Matt Puempel - Americans : 4 - Checkers : 2.
1:47 of 3rd period - Tage Thompson wins face-off versus Nick Abruzzese in neutral zone.
1:52 of 3rd period - Slapshot by Tage Thompson.
1:52 of 3rd period - Shot Misses the Net.
2:25 of 3rd period - Slapshot by Nathan Noel.
2:25 of 3rd period - Shot Misses the Net.
2:41 of 3rd period - Wrist shot by Adam Boqvist.
2:41 of 3rd period - Shot Misses the Net.
2:43 of 3rd period - Slapshot by Maxim Marushev.
2:43 of 3rd period - Stopped by Peyton Jones without a rebound.
2:44 of 3rd period - Maxim Marushev wins face-off versus Christopher Paquette in Americans zone.
2:47 of 3rd period - Snap shot by Maxim Marushev.
2:47 of 3rd period - Shot Hit the Post.
2:49 of 3rd period - Snap shot by Maxim Marushev.
2:49 of 3rd period - Shot Misses the Net.
2:51 of 3rd period - Wrist shot by Nathan Legare.
2:51 of 3rd period - Shot Blocked by Daniel Sprong.
2:53 of 3rd period - Snap shot by Adam Boqvist.
2:53 of 3rd period - Shot Misses the Net.
2:58 of 3rd period - Icing by Jacob Larsson.
2:59 of 3rd period - Christopher Paquette wins face-off versus Austin Poganski in Americans zone.
2:59 of 3rd period - Christopher Paquette is hit by Dylan Gambrell.
3:08 of 3rd period - Minor Penalty to Brendan Leipsic for Cross-checking.
3:09 of 3rd period - Dylan Gambrell wins face-off versus Ryan Fitzgerald in Checkers zone.
3:15 of 3rd period - Wrist shot by Justin Bailey.
3:15 of 3rd period - Shot Misses the Net.
3:45 of 3rd period - Snap shot by Drew O'Connor.
3:45 of 3rd period - Deflect By Adam Brooks.
3:45 of 3rd period - Shot Blocked by Alexander Romanov.
3:45 of 3rd period - Puck is out of play.
3:46 of 3rd period - Shane Bowers wins face-off versus Ryan Fitzgerald in Checkers zone.
3:51 of 3rd period - Wrist shot by Roberts Lipsbergs.
3:51 of 3rd period - Shot Misses the Net.
3:53 of 3rd period - Slapshot by Matias Rajaniemi.
3:53 of 3rd period - Stopped by Peyton Jones with a rebound.
4:09 of 3rd period - Snap shot by Shane Bowers.
4:09 of 3rd period - Shot Misses the Net.
4:17 of 3rd period - Wrist shot by Ryan Fitzgerald.
4:17 of 3rd period - Shot Blocked by Shane Bowers.
4:51 of 3rd period - Snap shot by Austin Poganski.
4:51 of 3rd period - Stopped by Peyton Jones without a rebound.
4:52 of 3rd period - Adam Brooks wins face-off versus Dylan Gambrell in Americans zone.
4:52 of 3rd period - Adam Brooks is hit by Austin Poganski.
5:00 of 3rd period - Snap shot by Tage Thompson.
5:00 of 3rd period - Stopped by Arvid Soderblom without a rebound.
5:01 of 3rd period - Adam Brooks wins face-off versus Dylan Gambrell in Checkers zone.
5:08 of 3rd period - Penalty to Brendan Leipsic is over, Brendan Leipsic is back on ice.
5:08 of 3rd period - Slapshot by Adam Brooks.
5:08 of 3rd period - Stopped by Arvid Soderblom with a rebound.
5:36 of 3rd period - Snap shot by Adam Brooks.
5:36 of 3rd period - Stopped by Arvid Soderblom without a rebound.
5:37 of 3rd period - Nathan Noel wins face-off versus Nick Abruzzese in Checkers zone.
5:38 of 3rd period - Snap shot by John Leonard.
5:38 of 3rd period - Shot Misses the Net.
5:40 of 3rd period - Snap shot by Nathan Noel.
5:40 of 3rd period - Shot Misses the Net.
5:42 of 3rd period - Slapshot by Samuel Bolduc.
5:42 of 3rd period - Shot Blocked by Adam Boqvist.
5:46 of 3rd period - Snap shot by Alex Schoenborn.
5:46 of 3rd period - Shot Misses the Net.
5:48 of 3rd period - Snap shot by Nathan Noel.
5:48 of 3rd period - Stopped by Arvid Soderblom with a rebound.
5:52 of 3rd period - Snap shot by John Leonard.
5:52 of 3rd period - Stopped by Arvid Soderblom without a rebound.
5:53 of 3rd period - Dylan Gambrell wins face-off versus Ryan Fitzgerald in Checkers zone.
5:53 of 3rd period - Dylan Gambrell is hit by Matt Puempel.
6:10 of 3rd period - Minor Penalty to Devon Teows for Tripping.
6:11 of 3rd period - Justin Bailey wins face-off versus Dylan Gambrell in Americans zone.
6:11 of 3rd period - Justin Bailey is hit by Ryan Pulock.
7:26 of 3rd period - Matt Puempel is hit by Brendan Leipsic and loses puck.
7:27 of 3rd period - Matt Puempel from Americans is injured at 7:27 of 3rd period (Bruised Right Leg).
7:28 of 3rd period - Justin Bailey wins face-off versus Dylan Gambrell in Americans zone.
8:10 of 3rd period - Penalty to Devon Teows is over, Devon Teows is back on ice.
8:18 of 3rd period - Wrist shot by Brendan Leipsic.
8:18 of 3rd period - Shot Blocked by Devon Teows.
8:20 of 3rd period - Slapshot by Kieffer Bellows.
8:20 of 3rd period - Stopped by Peyton Jones without a rebound.
8:21 of 3rd period - Nathan Noel wins face-off versus Shane Bowers in Americans zone.
8:26 of 3rd period - Snap shot by Alex Schoenborn.
8:26 of 3rd period - Shot Misses the Net.
8:28 of 3rd period - Slapshot by Samuel Bolduc.
8:28 of 3rd period - Stopped by Arvid Soderblom without a rebound.
8:29 of 3rd period - Shane Bowers wins face-off versus Nathan Noel in Checkers zone.
8:42 of 3rd period - Matias Rajaniemi is hit by Nathan Noel and loses puck.
8:49 of 3rd period - Wrist shot by Alex Schoenborn.
8:49 of 3rd period - Stopped by Arvid Soderblom without a rebound.
8:50 of 3rd period - Dylan Gambrell wins face-off versus Ryan Fitzgerald in Checkers zone.
9:11 of 3rd period - Minor Penalty to Adam Boqvist for Slashing.
9:12 of 3rd period - Dylan Gambrell wins face-off versus Ryan Fitzgerald in Checkers zone.
9:38 of 3rd period - Alexander Romanov is hit by Tage Thompson and loses puck.
11:11 of 3rd period - Penalty to Adam Boqvist is over, Adam Boqvist is back on ice.
11:29 of 3rd period - Slapshot by Adam Boqvist.
11:29 of 3rd period - Shot Misses the Net.
11:31 of 3rd period - Snap shot by Brendan Leipsic.
11:31 of 3rd period - Stopped by Peyton Jones without a rebound.
11:32 of 3rd period - Nick Abruzzese wins face-off versus Nathan Noel in Americans zone.
11:33 of 3rd period - Wrist shot by Kieffer Bellows.
11:33 of 3rd period - Stopped by Peyton Jones with a rebound.
11:57 of 3rd period - Adam Boqvist is hit by Samuel Bolduc and loses puck.
12:14 of 3rd period - Gianni Fairbrother is hit by Rafael Harvey-Pinard and loses puck.
12:19 of 3rd period - Slapshot by Adam Boqvist.
12:19 of 3rd period - Shot Misses the Net.
12:21 of 3rd period - Wrist shot by Nick Abruzzese.
12:21 of 3rd period - Stopped by Peyton Jones without a rebound.
12:22 of 3rd period - Dylan Gambrell wins face-off versus Ryan Fitzgerald in Americans zone.
12:28 of 3rd period - Minor Penalty to Ryan Fitzgerald for Tripping.
12:29 of 3rd period - Dylan Gambrell wins face-off versus Justin Bailey in Americans zone.
12:59 of 3rd period - Slapshot by Adam Boqvist.
12:59 of 3rd period - Deflect By Jacob Larsson.
12:59 of 3rd period - Stopped by Peyton Jones with a rebound.
13:01 of 3rd period - Slapshot by Ryan Pulock.
13:01 of 3rd period - Deflect By Nick Abruzzese.
13:01 of 3rd period - Stopped by Peyton Jones without a rebound.
13:02 of 3rd period - Justin Bailey wins face-off versus Dylan Gambrell in Americans zone.
13:27 of 3rd period - Matias Rajaniemi is hit by Drew O'Connor and loses puck.
14:28 of 3rd period - Penalty to Ryan Fitzgerald is over, Ryan Fitzgerald is back on ice.
14:46 of 3rd period - Wrist shot by Maxim Marushev.
14:46 of 3rd period - Stopped by Peyton Jones with a rebound.
14:48 of 3rd period - Snap shot by Maxim Marushev.
14:48 of 3rd period - Stopped by Peyton Jones with a rebound.
14:50 of 3rd period - Wrist shot by Maxim Marushev.
14:50 of 3rd period - Shot Misses the Net.
14:52 of 3rd period - Snap shot by Matias Rajaniemi.
14:52 of 3rd period - Stopped by Peyton Jones without a rebound.
14:53 of 3rd period - Shane Bowers wins face-off versus Nathan Noel in Americans zone.
15:37 of 3rd period - Adam Brooks is hit by Viktor Baldayev and loses puck.
17:02 of 3rd period - Nick Abruzzese is hit by Adam Brooks and loses puck.
17:07 of 3rd period - Snap shot by Adam Brooks.
17:07 of 3rd period - Deflect By Drew O'Connor.
17:07 of 3rd period - Stopped by Arvid Soderblom with a rebound.
17:09 of 3rd period - Snap shot by Tage Thompson.
17:09 of 3rd period - Stopped by Arvid Soderblom without a rebound.
17:10 of 3rd period - Shane Bowers wins face-off versus Nathan Noel in Checkers zone.
17:12 of 3rd period - Minor Penalty to Alexander Romanov for Roughing.
17:13 of 3rd period - Ryan Fitzgerald wins face-off versus Dylan Gambrell in Checkers zone.
17:39 of 3rd period - Drew O'Connor is hit by Matias Rajaniemi and loses puck.
17:46 of 3rd period - Roberts Lipsbergs is hit by Drew O'Connor and loses puck.
18:15 of 3rd period - Dylan Gambrell is hit by Adam Brooks and loses puck.
18:48 of 3rd period - Viktor Baldayev is hit by Jacob Larsson and loses puck.
19:12 of 3rd period - Penalty to Alexander Romanov is over, Alexander Romanov is back on ice.
19:34 of 3rd period - Snap shot by Roberts Lipsbergs.
19:34 of 3rd period - Stopped by Peyton Jones with a rebound.
19:36 of 3rd period - Slapshot by Alexander Romanov.
19:36 of 3rd period - Stopped by Peyton Jones with a rebound.
19:38 of 3rd period - Snap shot by Tyce Thompson.
19:38 of 3rd period - Deflect By Alex Schoenborn.
19:38 of 3rd period - Stopped by Peyton Jones with a rebound.
19:40 of 3rd period - Snap shot by Shane Bowers.
19:40 of 3rd period - Goal by Shane Bowers - Americans : 4 - Checkers : 3.
19:41 of 3rd period - Ryan Fitzgerald wins face-off versus Dylan Gambrell in neutral zone.
Goals for this period are 1 for Americans vs 1 for Checkers.
Shots for this period are 15 for Americans vs 16 for Checkers.